 Dungeon Crawl Stone Soup version 0.30-a0-269-gf0224bf7b6 (webtiles) character file.

Game seed: 11504742641751790145

331 purpskrrrp the Trooper (level 6, 0/55 HPs)
             Began as a Minotaur Fighter on Oct 14, 2022.
             Was a Believer of Dithmenos.
             Killed by divine providence
             ... invoked by an orc priest
              (13 damage)
             ... on level 4 of the Dungeon.
             The game lasted 00:04:21 (2702 turns).

purpskrrrp the Trooper (Minotaur Fighter)           Turns: 2702, Time: 00:04:21

Health: 0/55       AC: 13    Str: 23    XL:     6   Next: 26%
Magic:  5/5        EV: 11    Int:  5    God:    Dithmenos [**....]
Gold:   183        SH:  4    Dex:  9    Spells: 5/5 levels left

rFire   . . .      SeeInvis .    a - +0 war axe
rCold   . . .      Faith    .    c - +0 buckler
rNeg    . . .      Spirit   .    r - +4 ring mail
rPois   .          Reflect  .    (helmet restricted)
rElec   .          Harm     .    f - +2 cloak
rCorr   .          Rampage  .    (no gloves)
Will    .....                    (no boots)
Stlth   ..........               (no amulet)
HPRegen 0.29/turn                (no ring)
MPRegen 0.09/turn                (no ring)

@: wreathed by umbra
A: horns 2, retaliatory headbutt
a: Renounce Religion, Shadow Step


You were on level 4 of the Dungeon.
You worshipped Dithmenos.
Dithmenos was pleased with you.
You visited 1 branch of the dungeon, and saw 4 of its levels.

You collected 183 gold pieces.

Inventory:

Hand Weapons
 a - a +0 war axe (weapon)
Armour
 b - a +1 scale mail
 c - a +0 buckler (worn)
 f - a +2 cloak (worn)
 r - a +4 ring mail (worn)
Jewellery
 l - a ring of protection from fire
Scrolls
 e - a scroll of blinking
 g - a scroll of silence
 q - a scroll of teleportation
Potions
 d - a potion of might
 h - a potion of invisibility
 i - a potion of magic
 j - a potion of flight
 k - a potion of brilliance
 m - a potion of curing
 o - a potion of berserk rage {unknown}
 p - 2 potions of degeneration


   Skills:
 + Level 4.9 Fighting
 * Level 4.9 Axes
 + Level 4.7 Armour
 + Level 2.4 Dodging
 + Level 4.7 Shields


You had 5 spell levels left.
You didn't know any spells.
Your spell library contained the following spells:

 Spells                   Type           Power      Damage    Failure   Level
 Sandblast                Erth           0%         2d4       71%         1
 Passwall                 Tmut/Erth      0%         N/A       85%         2
 Scorch                   Fire           0%         2d5       85%         2
 Ozocubu's Armour         Ice            0%         N/A       97%         3
 Stone Arrow              Conj/Erth      0%         3d7       97%         3
 Flame Wave               Conj/Fire      0%         2d4       100%        4
 Summon Cactus Giant      Summ           0%         N/A       100%        6
 Ozocubu's Refrigeration  Ice            0%         4d7       100%        7


Dungeon Overview and Level Annotations

Branches:
Dungeon (4/15)
 Temple: D:4-7

Altars:
Cheibriados
Dithmenos
Kikubaaqudgha


Innate Abilities, Weirdness & Mutations

You have a pair of horns on your head.
You reflexively headbutt those who attack you in melee.


Message History

You are too injured to fight recklessly!
You are too injured to fight recklessly!
You are too injured to fight recklessly!
You are too injured to fight recklessly!
You are too injured to fight recklessly!
You are too injured to fight recklessly!
You are too injured to fight recklessly!
You are too injured to fight recklessly!
You are too injured to fight recklessly!
You are too injured to fight recklessly!
You are too injured to fight recklessly!
You are too injured to fight recklessly!
You are too injured to fight recklessly!
You are too injured to fight recklessly!
You are too injured to fight recklessly!
You closely miss the orc priest.
The orc priest is moderately wounded.
You slash the orc!
You kill the orc!
Dithmenos accepts your kill. The orc priest barely misses you.
You furiously retaliate!
You headbutt the orc priest. You hit the orc priest.
The orc priest is almost dead.
The orc priest mumbles some strange prayers to Beogh against you.
Beogh smites you!
* * * LOW HITPOINT WARNING * * *
A magic dart appears from out of thin air!
The magic dart hits you but does no damage.
You closely miss the orc priest. You headbutt the orc priest.
The orc priest is almost dead.
You block the orc priest's attack. Something hits you but does no damage.
The orc priest mumbles some strange prayers to Beogh against you.
You barely resist. You hit the orc priest. Your headbutt misses the orc priest.
The orc priest is almost dead.
You hit something.
The orc priest invokes the aid of Beogh against you.
Beogh smites you!
You die...

#....... ......
#..... .... ######...
........## #.
.....o{o)# ##.. #@.##
##.... ##...###
###......
#..>!..####...<....
#....##..#..........
#...######..........#
#...# ##..........
#...# #..#####...
...# #..# ## ##.##


You could see an orc priest and an orc.

Vanquished Creatures
  An orc priest (D:3)
  Ijyb (D:3)
  Jessica (D:3)
  An iguana (D:4)
  Natasha (twice) (D:2)
  2 orc wizards (D:3)
  Terence (D:3)
  3 adders
  3 worms
  2 dart slugs
  4 orcs
  11 ball pythons
  10 bats
  2 endoplasms
  A giant cockroach (D:1)
  4 goblins
  5 hobgoblins
  A quokka (D:4)
  2 frilled lizards
  3 kobolds
  6 rats
66 creatures vanquished.

Notes
Turn   | Place    | Note
-------+----------+-------------------------------------------
     0 | D:1      | purpskrrrp the Minotaur Fighter began the quest for the
                  | Orb.
     0 | D:1      | Reached XP level 1. HP: 19/19 MP: 0/0
   301 | D:1      | Reached XP level 2. HP: 27/27 MP: 1/1
   556 | D:1      | Found a faded altar of an unknown god.
   595 | D:1      | Prayed at the altar of an unknown god.
   595 | D:1      | Became a worshipper of Dithmenos the Shadowed
   595 | D:1      | Reached * piety under Dithmenos
   713 | D:2      | Reached skill level 1 in Dodging
   713 | D:2      | Reached XP level 3. HP: 25/33 MP: 2/2
  1077 | D:2      | Noticed Natasha
  1085 | D:2      | Killed Natasha
  1086 | D:2      | Reached XP level 4. HP: 16/40 MP: 3/3
  1361 | D:2      | Reached ** piety under Dithmenos
  1400 | D:2      | Noticed Natasha
  1408 | D:2      | Killed Natasha
  1771 | D:3      | Noticed Terence
  1771 | D:3      | Noticed Ijyb
  1775 | D:3      | Killed Terence
  1869 | D:3      | Killed Ijyb
  1870 | D:3      | Reached XP level 5. HP: 47/47 MP: 4/4
  2014 | D:3      | HP: 2/47 [something/puff of flame (5)]
  2119 | D:3      | Noticed Jessica
  2127 | D:3      | Killed Jessica
  2128 | D:3      | Reached XP level 6. HP: 35/55 MP: 5/5
  2282 | D:3      | Found a snail-covered altar of Cheibriados.
  2370 | D:3      | Found an ancient bone altar of Kikubaaqudgha.
  2702 | D:4      | Killed from afar by an orc priest

Illustrated notes

Levels and vault maps discovered:
D:1:      minmay_arrival_widening_spiral_wide, layout_basic,
          hellmonk_ecumenical_altar_heavens_door, minmay_misc_feat_square,
          minmay_heptomino_d4
D:2:      layout_basic, uniq_natasha
D:3:      layout_rooms, mainiacjoe_overflow_tiny_flanked,
          mainiacjoe_overflow_surrounded_room, kennysheep_generic_room_9,
          uniq_jessica, uniq_terence, uniq_ijyb
D:4:      layout_cave_pods, nrook_campfire

Skill      XL: |  1  2  3  4  5 |
---------------+----------------+-----
Axes           | 3 4 |  4.9
Fighting       | 4 |  4.9
Dodging        | 1 2 |  2.4
Shields        | 4 |  4.7
Armour         | 4 |  4.7

Action                   |  1- 3 |  4- 6 || total
-------------------------+-------+-------++-------
Melee: War axe           |    71 |    95 ||   166
       Headbutt          |     9 |    15 ||    24
  Use: Scroll            |       |    15 ||    15
       Potion            |       |     1 ||     1
Armor: Scale mail        |    37 |    54 ||    91
       Ring mail         |       |     7 ||     7
Dodge: Dodged            |    31 |    49 ||    80
Block: Buckler           |    21 |    13 ||    34

Table legend: (Time is in decaauts)
 A = Elapsed time spent in this place.
 B = Non-inter-level travel time spent in this place.
 C = Inter-level travel time spent in this place.
 D = Time resting spent in this place.
 E = Time spent auto-exploring this place.
 F = Levels seen in this place.
 G = Mean time per level.
                   A        B        C        D        E       F      G
               +--------+--------+--------+--------+--------+-----+--------+
         Total |   2774 |   2722 |     52 |    414 |   1747 |   4 |  693.5 |
       Dungeon |   2774 |   2722 |     52 |    414 |   1747 |   4 |  693.5 |
               +--------+--------+--------+--------+--------+-----+--------+

Top non-repeatable levels by time:
     D:2: 1263 daAuts
     D:3: 785 daAuts
     D:1: 620 daAuts
     D:4: 106 daAuts
